 Dungeon Crawl Stone Soup version 0.17-a0-512-gd6a67cc (webtiles) character file.

18484 Sixotanaka the Impaler (level 12, -3/98 HPs)
             Began as a Merfolk Gladiator on Apr 11, 2015.
             Was the Champion of Makhleb.
             Killed from afar by a frost giant (41 damage)
             ... with a bolt of cold
             ... in an ice cave.
             The game lasted 00:31:23 (13502 turns).

Sixotanaka the Impaler (Merfolk Gladiator)         Turns: 13502, Time: 00:31:23

Health: -3/98      AC: 10    Str: 20    XL:     12   Next: 59%
Magic:  18/18      EV: 26    Int:  8    God:    Makhleb [******]
Gold:   686        SH:  0    Dex: 19    Spells: 2 memorised, 9 levels left

rFire  + . .     SeeInvis .     a - +3 halberd
rCold  . . .     Clarity  .     g - +0 ring mail
rNeg   . . .     SustAb   .     (no shield)
rPois  .         Gourm    .     o - +2 hat
rElec  .         Spirit   .     A - +2 cloak
rCorr  .         Warding  .     (no gloves)
rMut   .         Stasis   .     (boots currently unavailable)
MR     .....                    N - amulet of faith {!P}
Stlth  ++........               R - +3 ring of slaying
                                u - ring of protection from fire

@: mighty, very quick, not resistant to hostile enchantments, unstealthy
A: change form in water, swift swim
a: Minor Destruction, Lesser Servant of Makhleb, Major Destruction, Greater
Servant of Makhleb, Renounce Religion


You were in an ice cave.
You worshipped Makhleb.
Makhleb was exalted by your worship.
You were hungry.

You visited 3 branches of the dungeon, and saw 12 of its levels.
You also visited: Sewer and Ice Cave.

You collected 751 gold pieces.
You spent 65 gold pieces at shops.


   Skills:
 + Level 10.4 Fighting
 - Level 16.3 Polearms
 - Level 2.0 Throwing
 + Level 2.6 Armour
 + Level 12.6 Dodging
 + Level 3.9 Invocations
 - Level 8.4 Evocations


You had 9 spell levels left.
You knew the following spells:

 Your Spells              Type           Power        Failure   Level  Hunger
e - Apportation           Tloc           #.........   75%         1    ##.....
R - Summon Butterflies    Summ           #.......     75%         1    ##.....


Dungeon Overview and Level Annotations

Branches:
Dungeon (10/15)            Temple (1/1) D:4            Lair (1/8) D:10
    Orc: D:9-12

Altars:
Ashenzari
Cheibriados
Dithmenos
Elyvilon
Fedhas
Gozag
Kikubaaqudgha
Makhleb
Nemelex Xobeh
Okawaru
Ru
Sif Muna
Trog
Vehumet
Xom
Yredelemnul
Zin
The Shining One

Shops:
D:4 (   D:6 (   D:8 *   D:9 :

Annotations:
D:5 Heziva's ghost, experienced HOFi
D:7 exclusion: statue
D:8 chequers's ghost, experienced OgFi

Inventory:

Hand weapons
 a - a +3 halberd (weapon)
 b - a +0 blowgun
Missiles
 d - 3 throwing nets
 E - 3 poisoned tomahawks
 J - 32 poisoned needles
 K - 10 tomahawks (quivered)
Armour
 g - a +0 ring mail (worn)
 o - a +2 hat (worn)
 A - a +2 cloak (worn)
Jewellery
 u - a ring of protection from fire (left hand)
 F - an uncursed amulet of rage
 L - an uncursed ring of protection from magic
 N - an amulet of faith (around neck) {!P}
 R - a +3 ring of slaying (right hand)
Magical devices
 x - a wand of lightning (4)
 y - a wand of paralysis (10)
 B - a wand of random effects (26)
 G - a wand of paralysis (14)
 H - a wand of fireball (3)
 W - a wand of confusion (9)
Scrolls
 c - 3 scrolls of enchant armour
 e - 3 scrolls of magic mapping
 h - 2 scrolls of enchant weapon
 i - 2 scrolls of identify {@r1}
 j - 2 scrolls of immolation {unknown}
 k - 7 scrolls of remove curse {@r2}
 l - a scroll of teleportation {@r4}
 n - 4 scrolls of amnesia
 p - 3 scrolls of blinking {unknown}
 D - a scroll of recharging {unknown}
 M - a scroll of brand weapon {unknown}
 O - a scroll of noise {unknown}
 T - a scroll of fog {unknown}
Potions
 m - 2 potions of flight
 r - a potion of brilliance {unknown}
 s - a potion of haste {@q3}
 t - a potion of ambrosia {unknown}
 w - a potion of might
 z - a potion of mutation {unknown}
 C - 2 potions of heal wounds {unknown}
 P - 6 potions of curing {@q1}
 U - a potion of restore abilities {unknown}
Books
 Q - a book of Party Tricks
Comestibles
 f - 9 bread rations
 q - 9 beef jerkies
 v - 19 chunks of flesh
 I - 2 meat rations
 S - 5 fruits

######## h.##hhh#######
########## ##h..##.h.#..#
##≈≈≈≈≈≈≈≈# #########..#
#######≈≈≈#≈≈≈≈##
≈≈≈≈≈≈##..#####.≈≈#≈≈≈#####≈##
≈≈≈≈≈≈≈##..##C.†#Y≈≈≈## ###
#≈≈≈≈≈≈≈###...##Ch≈#≈≈####
####≈≈≈≈≈≈#####≈@≈####≈≈.##
######≈≈≈#≈≈#≈≈≈≈≈###..# #
##≈≈≈≈≈≈≈≈≈≈###..## ###
###≈≈≈≈≈≈≈≈####..## ###..
##≈≈≈≈#≈#≈≈## ###..# ##...#
##≈≈≈#≈≈≈≈≈## ##...## #...##
#≈#≈≈≈≈##≈≈≈# #..### ###.÷.
###≈≈≈≈≈≈≈#####...# ###.
#####≈≈## ##..### ##..


You could see a frost giant, a polar bear and a yak.


Message History

The polar bear bites you but does no damage.
The polar bear completely misses you. The polar bear closely misses you.
You hit the polar bear but do no damage.
Your ring mail prevents you from hitting the polar bear.
The polar bear misses you. The polar bear closely misses you.
The polar bear misses you.
You hit the polar bear.
The polar bear bites you but does no damage.
The polar bear claws you but does no damage.
The polar bear misses you. The polar bear closely misses you. x2
The polar bear barely misses you.
You completely miss the polar bear. You slash the polar bear!
The polar bear bites you!
The polar bear claws you but does no damage.
The polar bear claws you.
Your legs become a tail as you enter the water.
Attack whom?
Aim: a polar bear (moderately wounded)
You reach to attack!
You barely miss the polar bear.
Attack whom?
Aim: a polar bear (moderately wounded)
You hit the polar bear.
You are feeling hungry.
The polar bear bites you! The polar bear misses you.
The polar bear completely misses you.
Attack whom?
Aim: a polar bear (moderately wounded)
You hit the polar bear. You hit the polar bear.
The polar bear barely misses you. The polar bear closely misses you.
The polar bear claws you but does no damage.
You puncture the polar bear! You tail-slap the polar bear.
The polar bear closely misses you. x3
No target in view!
The polar bear bites you. The polar bear misses you.
The polar bear claws you but does no damage.
You slice the polar bear!!
You kill the polar bear!
Makhleb accepts your kill.
You feel a little better.
You slash the polar bear! The polar bear completely misses you.
The polar bear closely misses you.
The polar bear claws you but does no damage.
Attack whom?
Aim: a polar bear (water, heavily wounded)
Okay, then.
You impale the polar bear!!
The polar bear goes berserk!
You puncture the polar bear!
You kill the polar bear!
Makhleb accepts your kill.
You feel a little better.
Some of the chunks of flesh in your inventory have rotted away.
Drink which item? (? for menu, Esc to quit)
You feel very mighty all of a sudden. The polar bear bites you!
The polar bear claws you. The polar bear completely misses you.
The frost giant hits you with a battleaxe of freezing!!
* * * LOW HITPOINT WARNING * * *
The frost giant freezes you.
* * * LOW HITPOINT WARNING * * *
You slash the frost giant! The polar bear misses you.
The polar bear misses you. x2
You slash the frost giant! The frost giant closely misses you.
You slash the frost giant! The polar bear completely misses you.
The polar bear misses you. The polar bear completely misses you.
You puncture the frost giant!
The frost giant points at you and mumbles some strange words.
The bolt of cold hits you!
You die...

Action                   |  1- 3 |  4- 6 |  7- 9 | 10-12 || total
-------------------------+-------+-------+-------+-------++-------
Melee: Trident           |   133 |   287 |   480 |       ||   900
       Halberd           |       |       |    29 |   600 ||   629
 Fire: Blowgun           |       |       |       |    36 ||    36
Throw: Throwing net      |     1 |       |     4 |       ||     5
       Tomahawk          |       |       |       |     8 ||     8
Evoke: Wand              |       |       |       |     3 ||     3
  Use: Scroll            |     4 |       |     4 |     3 ||    11
       Potion            |       |       |     2 |     5 ||     7
 Stab: Sleeping          |       |     1 |       |       ||     1
       Held in net/web   |       |       |     1 |       ||     1
       Paralysed         |       |       |       |     3 ||     3
       Fleeing           |       |       |       |     1 ||     1
  Eat: Chunk             |     2 |     3 |    16 |     5 ||    26
       Bread ration      |       |     1 |       |       ||     1
       Meat ration       |       |       |       |     2 ||     2

Vault maps used:
D:1:      matt_arrival_diagonals
D:2:      first_bread, minmay_rat_hole
D:3:      nicolae_overflow_hidden_temple, serial_co_window_serial,
          co_window_of_opportunity_a, co_window_of_opportunity_a,
          co_window_of_opportunity_a, co_window_paths_a, co_window_paths_b,
          co_window_paths_b, co_window_corner_a, co_window_cross_1,
          co_window_corner_a, co_window_cross_3, co_window_unsneaky_path_d,
          co_window_corner_b, co_window_cross_2, co_window_unsneaky_path_b,
          co_window_of_opportunity_b, co_window_broadway_c, co_window_4corner_a,
          glass_columns_a, portal_sewer_entry_d, serial_bayou_pond_e,
          kennysheep_generic_room_10
D:4:      xom_butterflies, minmay_temple_entry_trees, serial_shops, shop,
          serial_forest, infiniplex_forest_lined_corner,
          infiniplex_forest_end_1, infiniplex_forest_clump_small,
          infiniplex_forest_lined_3_way, infiniplex_forest_lined_3_way,
          infiniplex_forest_straight_1, infiniplex_forest_lined_room_,
          infiniplex_forest_lined_3, infiniplex_forest_lined_2
D:5:      old_standard_altar, grunt_decor_clamped, elyvilon_altar_1,
          uniq_crazy_yiuf_cottage
D:6:      serial_shops, nicolae_shop_trees
D:7:      vehumet_statue, kennysheep_mini, grunt_ogre_cave, wad_rectangle_vault
D:8:      lemuel_ratsnest, grunt_qazlal_sundering, serial_shops, shop,
          st_stairs_11
D:9:      hangedman_cross_cluster, okawaru_trees_1, serial_shops, shop
D:10:     due_lair_maze_entry_diamond, uniq_erolcha
Temple:   jpeg_temple_alley_garden_8
Lair:1:   special_room, portal_ice_cave_entry_imps, columned_hall_lemuel,
          grunt_forest_small_clearing_treed
Sewer:    sewer_frog_island_02
IceCv:    ice_cave_caverns_03

Notes
Turn   | Place    | Note
--------------------------------------------------------------
     0 | D:1      | Sixotanaka, the Merfolk Gladiator, began the quest for the Orb.
     0 | D:1      | Reached XP level 1. HP: 16/16 MP: 1/1
   272 | D:1      | Reached skill level 5 in Polearms
   285 | D:1      | Reached XP level 2. HP: 22/22 MP: 2/2
   737 | D:1      | Reached skill level 6 in Polearms
   737 | D:1      | Reached XP level 3. HP: 27/27 MP: 3/3
  1528 | D:2      | Reached skill level 7 in Polearms
  1528 | D:2      | Reached XP level 4. HP: 33/33 MP: 4/4
  2084 | D:3      | Found a glowing drain.
  2101 | Sewer    | Entered a sewer
  2189 | Sewer    | Reached skill level 8 in Polearms
  2189 | Sewer    | Reached XP level 5. HP: 34/38 MP: 5/5
  2491 | Sewer    | Noticed a giant frog
  2493 | Sewer    | Noticed a giant frog
  2500 | Sewer    | Killed a giant frog
  2500 | Sewer    | Reached skill level 9 in Polearms
  2500 | Sewer    | Reached XP level 6. HP: 31/44 MP: 6/6
  2506 | Sewer    | Killed a giant frog
  2506 | Sewer    | Reached skill level 10 in Polearms
  3320 | D:3      | Found a burning altar of Makhleb.
  3322 | D:3      | Found a shadowy altar of Dithmenos.
  3470 | D:3      | Found a white marble altar of Elyvilon.
  3472 | D:3      | Found a glowing golden altar of the Shining One.
  3887 | D:4      | Reached XP level 7. HP: 29/50 MP: 7/7
  4137 | D:4      | Found a staircase to the Ecumenical Temple.
  4159 | D:4      | Reached skill level 11 in Polearms
  4166 | Temple   | Entered the Ecumenical Temple
  4613 | D:4      | Reached skill level 12 in Polearms
  4615 | D:4      | Found Suojatz's Antique Weapon Shoppe.
  4662 | D:4      | Noticed Sixotanaka's ghost (average DrGl)
  4688 | D:4      | Killed Sixotanaka's ghost
  4688 | D:4      | Reached XP level 8. HP: 33/56 MP: 8/8
  4940 | D:4      | Found a shimmering altar of Xom.
  4951 | D:3      | Found a bloodstained altar of Trog.
  4955 | D:3      | Became a worshipper of Makhleb the Destroyer
  5168 | D:4      | Reached skill level 13 in Polearms
  5453 | D:5      | Entered Level 5 of the Dungeon
  5491 | D:5      | Found an ancient bone altar of Kikubaaqudgha.
  5651 | D:5      | Found a white marble altar of Elyvilon.
  5727 | D:5      | Noticed Heziva's ghost (experienced HOFi)
  6036 | D:5      | Reached skill level 14 in Polearms
  6058 | D:5      | Acquired Makhleb's first power
  6320 | D:6      | HP: 14/56 [centaur/shortbow (6)]
  6757 | D:6      | Reached skill level 15 in Polearms
  6769 | D:6      | Reached XP level 9. HP: 44/61 MP: 9/9
  7148 | D:6      | Found Esaddazilaff's Weapon Boutique.
  7438 | D:7      | Found a glowing silver altar of Zin.
  7491 | D:7      | Reached skill level 16 in Polearms
  7496 | D:7      | Acquired Makhleb's second power
  7742 | D:7      | Reached skill level 1 in Evocations
  7899 | D:7      | Reached skill level 3 in Fighting
  8010 | D:7      | Reached skill level 5 in Dodging
  8010 | D:7      | Reached skill level 2 in Evocations
  8095 | D:7      | Found a radiant altar of Vehumet.
  8473 | D:8      | Found Cian's General Store.
  8620 | D:8      | Acquired Makhleb's third power
  8620 | D:8      | Reached skill level 4 in Fighting
  8633 | D:8      | Bought a scroll of identify for 26 gold pieces
  8633 | D:8      | Bought a potion of curing for 39 gold pieces
  8682 | D:8      | Reached skill level 6 in Dodging
  8682 | D:8      | Reached skill level 3 in Evocations
  8908 | D:8      | Noticed chequers's ghost (experienced OgFi)
  8915 | D:9      | Found Piodofus's Book Shop.
  8918 | D:10     | Entered Level 10 of the Dungeon
  8950 | D:10     | Reached XP level 10. HP: 64/73 MP: 12/12
  9045 | D:9      | Reached skill level 5 in Fighting
  9188 | D:9      | Reached skill level 7 in Dodging
  9195 | D:9      | Reached skill level 4 in Evocations
  9196 | D:9      | Noticed a tengu warrior
  9239 | D:9      | HP: 15/74 [tengu warrior/uncursed war axe (13)]
  9240 | D:9      | Killed a tengu warrior
 10009 | D:9      | Noticed a cyclops
 10038 | D:9      | HP: 19/76 [troll (12)]
 10356 | D:9      | Reached skill level 6 in Fighting
 10374 | D:9      | Reached skill level 8 in Dodging
 10411 | D:9      | Reached skill level 5 in Evocations
 10436 | D:9      | Acquired Makhleb's fourth power
 10597 | D:9      | Found an iron altar of Okawaru.
 10691 | D:9      | Noticed a catoblepas
 10723 | D:9      | Killed a catoblepas
 10723 | D:9      | Reached skill level 7 in Fighting
 10769 | D:9      | Reached skill level 9 in Dodging
 10789 | D:9      | Reached skill level 6 in Evocations
 10848 | D:9      | Killed a cyclops
 10848 | D:9      | Reached XP level 11. HP: 76/84 MP: 15/15
 10905 | D:9      | Learned a level 1 spell: Apportation
 10907 | D:9      | Learned a level 1 spell: Summon Butterflies
 11396 | D:10     | Noticed busb's ghost (experienced DgWn)
 11417 | D:10     | Killed busb's ghost
 11417 | D:10     | Reached skill level 8 in Fighting
 11417 | D:10     | Reached skill level 10 in Dodging
 11421 | D:10     | Noticed Erolcha
 11650 | D:10     | Acquired Makhleb's fifth power
 11781 | D:10     | Reached skill level 7 in Evocations
 11808 | D:10     | Killed Erolcha
 11969 | D:10     | Noticed a hill giant
 11994 | D:10     | Killed a hill giant
 12013 | D:10     | Noticed a green ugly thing
 12027 | D:10     | Killed a green ugly thing
 12182 | D:10     | Found a staircase to the Lair.
 12260 | Lair:1   | Entered Level 1 of the Lair of Beasts
 12350 | Lair:1   | Reached skill level 11 in Dodging
 12353 | Lair:1   | Reached skill level 9 in Fighting
 12375 | Lair:1   | Reached skill level 8 in Evocations
 12553 | Lair:1   | Found a frozen archway.
 12593 | IceCv    | Entered an ice cave
 12679 | IceCv    | Noticed an ice statue
 12693 | IceCv    | Killed an ice statue
 12956 | IceCv    | Reached XP level 12. HP: 96/96 MP: 18/18
 13005 | IceCv    | Reached skill level 1 in Invocations
 13037 | IceCv    | Reached skill level 1 in Armour
 13089 | IceCv    | Reached skill level 12 in Dodging
 13160 | IceCv    | Reached skill level 2 in Invocations
 13198 | IceCv    | Reached skill level 10 in Fighting
 13204 | IceCv    | Noticed a death yak
 13205 | IceCv    | Noticed a death yak
 13235 | IceCv    | Killed a death yak
 13242 | IceCv    | Killed a death yak
 13242 | IceCv    | Reached skill level 2 in Armour
 13242 | IceCv    | Reached skill level 3 in Invocations
 13461 | IceCv    | Noticed a frost giant
 13502 | IceCv    | Killed from afar by a frost giant

Vanquished Creatures
  Erolcha (D:10)
  The ghost of busb the Fighter, an experienced DgWn (D:10)
  A catoblepas (D:9)
  A tengu warrior (D:9)
  2 death yaks (IceCv)
  An ice statue (IceCv)
  A hill giant (D:10)
  An ugly thing (D:10)
  A cyclops (D:9)
  A black mamba (Lair:1)
  A troll (D:8)
  8 polar bears (IceCv)
  A slime creature (D:9)
  A two-headed ogre (D:9)
  16 yaks
  A wyvern (D:9)
  2 hippogriffs
  19 wolves (IceCv)
  3 orc warriors
  2 ice beasts
  2 phantoms (D:4)
  An eye of draining (D:9)
  The ghost of Sixotanaka the Twirler, an average DrGl (D:4)
  8 ogres
  10 giant frogs
  A crocodile (D:10)
  6 centaurs
  A wyvern zombie (D:9)
  A wyvern skeleton (D:10)
  6 scorpions
  10 killer bees
  2 jellies (D:7)
  6 hounds
  2 crimson imps
  2 giant frog zombies
  A centaur zombie (D:9)
  2 iguanas
  6 orc priests
  A giant frog skeleton (D:10)
  11 worker ants
  9 orc wizards
  A killer bee zombie (D:9)
  18 adders
  A gnoll (D:1)
  8 river rats
  2 shadow imps
  12 white imps (Lair:1)
  2 worms
  2 adder zombies
  An adder skeleton (D:4)
  6 giant geckos
  14 oozes
  37 orcs
  A bat zombie (D:8)
  18 giant cockroaches
  15 hobgoblins
  12 jackals
  7 quokkas
  10 ball pythons (Sewer)
  13 bats
  2 giant gecko skeletons
  14 giant newts
  A giant spore (D:9)
  8 goblins
  9 kobolds
  35 rats
  2 ballistomycetes (D:9)
  2 butterflies (D:4)
407 creatures vanquished.

Vanquished Creatures (others)
  An ogre (D:9)
1 creature vanquished.

Grand Total: 408 creatures vanquished
